 Dungeon Crawl Stone Soup version 0.27.1-33-g824d729ab1 (webtiles) character file.

Game seed: 6079232887271631106

33184 klutch the Warrior (level 13, -4/126 HPs)
             Began as a Minotaur Fighter on Dec 6, 2021.
             Was a Priest of Makhleb.
             Slain by a six-headed hydra (8 damage)
             ... on level 14 of the Dungeon.
             The game lasted 01:25:10 (20219 turns).

klutch the Warrior (Minotaur Fighter)              Turns: 20219, Time: 01:25:11

Health: -4/126     AC: 25    Str: 28    XL:     13   Next: 35%
Magic:  12/12      EV: 12    Int:  5    God:    Makhleb [***...]
Gold:   1025       SH:  0    Dex: 14    Spells: 12/12 levels left

rFire    . . .     SeeInvis .   M - +1 great mace
rCold    . . .     Faith    .   (shield currently unavailable)
rNeg     . . .     Spirit   .   d - +2 plate armour
rPois    .         Reflect  .   (helmet restricted)
rElec    .         Harm     .   p - +0 cloak
rCorr    .         Rampage  .   y - +0 pair of gloves
Will     .....                  q - +0 pair of boots
Stlth    ..........             z - amulet of the acrobat
HPRegen  0.31/turn              r - +4 ring of protection
MPRegen  0.13/turn              h - +6 ring of strength

@: studying Long Blades
A: horns 2, retaliatory headbutt
a: Renounce Religion, Minor Destruction, Lesser Servant of Makhleb


You were on level 14 of the Dungeon.
You worshipped Makhleb.
Makhleb was most pleased with you.
You visited 2 branches of the dungeon, and saw 15 of its levels.

You collected 1025 gold pieces.

Inventory:

Hand Weapons
 E - the +8 quarterstaff "Worm's Wrath" {holy, MP+9 Stlth+}
   (You found it on level 10 of the Dungeon)

   It has been blessed by the Shining One to cause great damage to the undead
   and demons.
   MP:        It affects your magic capacity (+9).
   Stlth:     It makes you more stealthy.
 M - a +1 great mace (weapon)
Missiles
 e - 24 poisoned darts (quivered)
Armour
 d - a +2 plate armour (worn)
 p - a +0 cloak (worn)
 q - a +0 pair of boots (worn)
 y - a +0 pair of gloves (worn)
Jewellery
 h - a +6 ring of strength (right hand)
 r - a +4 ring of protection (left hand)
 z - an amulet of the acrobat (around neck)
 I - a +4 ring of evasion
Wands
 b - a wand of flame (18)
 g - a wand of iceblast (14)
 n - a wand of acid (6)
 u - a wand of polymorph (8)
 w - a wand of mindburst (26)
 x - a wand of digging (6)
 A - a wand of charming (28)
Scrolls
 c - 2 scrolls of identify
 k - a scroll of silence
 l - a scroll of enchant armour
 s - 4 scrolls of magic mapping
 H - 3 scrolls of teleportation
 K - a scroll of summoning
 L - 2 scrolls of amnesia
Potions
 i - 3 potions of brilliance
 j - a potion of magic {unknown}
 m - 3 potions of mutation {unknown}
 o - 2 potions of berserk rage
 t - 3 potions of attraction {unknown}
 v - 4 potions of flight
 C - a potion of curing
 D - a potion of cancellation {unknown}
 F - a potion of lignification {unknown}
 G - a potion of resistance {unknown}
 J - 3 potions of ambrosia


   Skills:
 * Level 15.1 Fighting
 * Level 11.9 Maces & Flails
 - Level 8.0 Throwing
 + Level 11.3 Armour
 + Level 10.0 Dodging
 - Level 3.6 Shields
 - Level 7.1 Unarmed Combat


You had 12 spell levels left.
You didn't know any spells.
Your spell library contained the following spells:

 Spells                   Type           Power      Damage    Failure   Level
 Stone Arrow              Conj/Erth      0%         3d7       100%        3
 Animate Armour           Summ/Erth      0%         N/A       100%        4
 Animate Dead             Necr           0%         N/A       100%        4
 Blade Hands              Tmut           0%         N/A       100%        5
 Bolt of Magma            Conj/Fire/Erth 0%         4d4       100%        5
 Borgnjor's Vile Clutch   Necr/Erth      0%         N/A       100%        5
 Death Channel            Necr           0%         N/A       100%        6
 Iron Shot                Conj/Erth      0%         9d1       100%        6
 Chain Lightning          Conj/Air       0%         N/A       100%        9
 Fire Storm               Conj/Fire      0%         5d1       100%        9
 Shatter                  Erth           0%         3d5*      100%        9


Dungeon Overview and Level Annotations

Branches:
Dungeon (14/15)            Temple (1/1) D:7            Lair (0/6) D:11
    Orc (0/2) D:9          Vaults (0/5) D:13

Altars:
Ashenzari
Cheibriados
Dithmenos
Elyvilon
Fedhas
Gozag
Hepliaklqana
Makhleb
Ru
Trog
Uskayaw
Vehumet
Wu Jian
Xom
Yredelemnul
Zin
The Shining One

Shops:
D:2 ?

Annotations:
D:8 1 exclusion
D:11 exclusion: 2 oklob plants
D:14 Frances


Innate Abilities, Weirdness & Mutations

You have a pair of horns on your head.
You reflexively headbutt those who attack you in melee.


Message History

You are confused.
You feel invigorated.
You feel sick.
The fire dragon bites you but does no damage.
The fire dragon claws you.
* * * LOW HITPOINT WARNING * * *
The fire dragon tramples you but does no damage.
The green ugly thing engulfs you.
* * * LOW HITPOINT WARNING * * *
You are lethally poisoned!
The green ugly thing poisons you!
The green ugly thing closely misses you.
You feel better.
You feel less invigorated.
Your surroundings suddenly seem different.
Found a club.
Found a stone staircase leading up.
A six-headed hydra comes into view.
The six-headed hydra roars!
Frances, Duchess of Pandemonium comes into view.
She is wielding a +0 battleaxe.
Frances shouts!
You bludgeon the six-headed hydra!!
The six-headed hydra is moderately wounded.
The six-headed hydra bites you!
The six-headed hydra bites you but does no damage.
The six-headed hydra bites you!
* * * LOW HITPOINT WARNING * * *
The six-headed hydra bites you but does no damage.
The six-headed hydra bites you.
* * * LOW HITPOINT WARNING * * *
The six-headed hydra bites you!
* * * LOW HITPOINT WARNING * * *
The six-headed hydra bites you but does no damage. x2
The six-headed hydra misses you.
The six-headed hydra bites you but does no damage. x3
You bludgeon the six-headed hydra!!
The six-headed hydra is heavily wounded.
Frances screams a word of power!
The six-headed hydra bites you but does no damage.
The six-headed hydra bites you!
* * * LOW HITPOINT WARNING * * *
The six-headed hydra bites you!
You die...

≈....u###.....# #...
.§≈....# ......# #.>.
§≈≈.... ......# #...
§...... ......##+###'#
......4 #.##..#.......
....... .....##...)..
......@ ......##.....
......D#####......##....
.......@................
........................
#.......................
#.......................
................#.......
....##..............
...# ##.........#... #..
...........##..
#........... ).


You could see Frances, a six-headed hydra and a chaos spawn (summoned).

Vanquished Creatures
  An ogre mage (D:13)
  4 boulder beetles
  2 centaur warriors
  A death knight (D:11)
  10 two-headed ogres
  2 tengu warriors
  A fire crab (D:13)
  A deep elf pyromancer (D:12)
  6 ugly things
  7 cyclopes
  4 manticores
  A gargoyle (D:10)
  A kobold demonologist (D:12)
  3 unseen horrors
  A tengu conjurer (D:13)
  A queen bee (D:11)
  4 trolls
  A wraith (D:11)
  3 wyverns
  A vampire (D:11)
  6 yaks
  2 steam dragons
  9 vampire mosquitoes
  2 acid dragons
  2 water moccasins (D:5)
  6 orc warriors
  2 ice beasts
  3 black bears
  2 hornet zombies
  4 ogres
  2 phantoms
  12 centaurs
  4 bullfrogs
  2 scorpions
  A wyvern skeleton (D:7)
  32 killer bees
  3 howler monkeys
  3 electric eels (D:8)
  3 bullfrog zombies
  7 centaur zombies
  A jelly (D:6)
  A gnoll shaman (D:5)
  2 orc priests (D:10)
  A bullfrog skeleton (D:5)
  A hound (D:4)
  An iguana (D:5)
  12 orc wizards
  Terence (D:2)
  A killer bee zombie (D:8)
  8 gnolls (D:5)
  9 adders
  2 ufetubi (D:4)
  An adder skeleton (D:4)
  2 worms
  36 orcs
  9 bats
  5 endoplasms
  7 giant cockroaches
  12 goblins
  2 hobgoblins
  7 jackals
  7 kobolds
  2 quokkas (D:3)
  5 ball pythons
  4 frilled lizards
  10 rats
311 creatures vanquished.

Vanquished Creatures (others)
  13 plants
13 creatures vanquished.

Grand Total: 324 creatures vanquished

Notes
Turn   | Place    | Note
-------+----------+-------------------------------------------
     0 | D:1      | klutch the Minotaur Fighter began the quest for the Orb.
     0 | D:1      | Reached XP level 1. HP: 19/19 MP: 0/0
    67 | D:1      | Reached XP level 2. HP: 27/27 MP: 1/1
   101 | D:1      | Reached skill level 4 in Fighting
   618 | D:1      | Reached skill level 1 in Dodging
   828 | D:2      | Reached XP level 3. HP: 33/33 MP: 2/2
   848 | D:2      | Found Zireuj's Magic Scroll Emporium.
  1060 | D:2      | Noticed Terence
  1065 | D:2      | Killed Terence
  1066 | D:2      | Reached skill level 1 in Throwing
  1066 | D:2      | Reached XP level 4. HP: 39/41 MP: 3/3
  1871 | D:3      | Found a faded altar of an unknown god.
  2065 | D:3      | Reached XP level 5. HP: 24/47 MP: 4/4
  2393 | D:3      | Reached skill level 5 in Fighting
  2782 | D:4      | Noticed an ogre
  2787 | D:4      | Killed an ogre
  2788 | D:4      | Reached XP level 6. HP: 40/56 MP: 5/5
  3451 | D:4      | Found a hazy altar of Hepliaklqana.
  3452 | D:4      | Found a shimmering altar of Xom.
  3453 | D:4      | Noticed a spectral ugly thing
  3572 | D:4      | Reached skill level 6 in Fighting
  3739 | D:5      | Entered Level 5 of the Dungeon
  3784 | D:5      | Reached skill level 5 in Armour
  3826 | D:5      | Identified the +1 leather armour of Otumpaso {rC+ MP+9
                  | Dex-4}
  3899 | D:5      | Noticed an ice beast
  3913 | D:5      | Killed an ice beast
  3914 | D:5      | Reached XP level 7. HP: 57/64 MP: 6/6
  4380 | D:5      | Reached skill level 7 in Fighting
  4809 | D:5      | Reached skill level 5 in Maces & Flails
  5033 | D:5      | Reached XP level 8. HP: 69/73 MP: 7/7
  5479 | D:6      | Identified the +2 robe of Generosity {Int+2}
  5988 | D:6      | Found an ornate altar of the Wu Jian Council.
  6039 | D:6      | Reached skill level 8 in Fighting
  6694 | D:7      | Reached skill level 9 in Fighting
  6694 | D:7      | Reached skill level 5 in Dodging
  6694 | D:7      | Reached XP level 9. HP: 66/83 MP: 8/8
  6892 | D:7      | Found a staircase to the Ecumenical Temple.
  6901 | Temple   | Entered the Ecumenical Temple
  6932 | Temple   | Became a worshipper of Makhleb the Destroyer
  7678 | D:7      | Found a snail-covered altar of Cheibriados.
  7811 | D:7      | Noticed a two-headed ogre
  7835 | D:7      | Killed a two-headed ogre
  7836 | D:7      | Reached skill level 10 in Fighting
  7836 | D:7      | Reached skill level 5 in Throwing
  7836 | D:7      | Reached skill level 1 in Unarmed Combat
  8920 | D:8      | Reached XP level 10. HP: 54/94 MP: 9/9
  9243 | D:8      | Reached * piety under Makhleb
  9260 | D:8      | Noticed a boulder beetle
  9281 | D:8      | HP: 4/94 [boulder beetle (13)]
  9683 | D:8      | Killed a boulder beetle
 10381 | D:9      | Reached skill level 11 in Fighting
 10812 | D:9      | Noticed a two-headed ogre
 11121 | D:9      | Noticed a two-headed ogre
 11135 | D:9      | Killed a two-headed ogre
 11284 | D:9      | Found a staircase to the Orcish Mines.
 11368 | D:9      | HP: 1/96 [orc warrior (6)]
 11941 | D:9      | Killed a two-headed ogre
 12120 | D:9      | Reached XP level 11. HP: 91/104 MP: 10/10
 12438 | D:10     | Entered Level 10 of the Dungeon
 12555 | D:10     | Noticed a two-headed ogre
 12567 | D:10     | Killed a two-headed ogre
 12789 | D:10     | Found a hide-covered altar of Uskayaw.
 12814 | D:10     | Reached skill level 12 in Fighting
 12849 | D:10     | Identified the +8 quarterstaff "Worm's Wrath" {holy, MP+9
                  | Stlth+}
 13085 | D:10     | Found a blossoming altar of Fedhas.
 13390 | D:11     | Noticed an oklob plant
 13392 | D:11     | Found a staircase to the Lair.
 13440 | D:11     | Reached skill level 5 in Unarmed Combat
 13759 | D:11     | Noticed an oklob plant
 14243 | D:11     | Reached ** piety under Makhleb
 14350 | D:11     | Noticed a two-headed ogre
 14353 | D:11     | Noticed a boulder beetle
 14434 | D:10     | Killed a two-headed ogre
 14934 | D:10     | Killed a boulder beetle
 15363 | D:11     | Reached skill level 13 in Fighting
 15756 | D:11     | Noticed a two-headed ogre
 15764 | D:11     | Killed a two-headed ogre
 15792 | D:11     | Found a white marble altar of Elyvilon.
 15832 | D:11     | Reached XP level 12. HP: 106/115 MP: 11/11
 15884 | D:11     | Reached skill level 10 in Armour
 16164 | D:11     | Noticed a death knight
 16769 | D:11     | Killed a death knight
 17507 | D:12     | Reached *** piety under Makhleb
 17508 | D:12     | Reached skill level 10 in Maces & Flails
 17634 | D:12     | Noticed a boulder beetle
 17647 | D:12     | Killed a boulder beetle
 17786 | D:12     | Noticed a two-headed ogre
 17795 | D:12     | Killed a two-headed ogre
 18408 | D:12     | Noticed a two-headed ogre
 18421 | D:12     | Killed a two-headed ogre
 18422 | D:12     | Reached skill level 14 in Fighting
 18998 | D:13     | Noticed a tengu warrior
 19018 | D:13     | Killed a tengu warrior
 19319 | D:13     | Found a gate to the Vaults.
 19319 | D:13     | Noticed a two-headed ogre
 19319 | D:13     | Noticed a two-headed ogre
 19319 | D:13     | Noticed an ogre mage
 19328 | D:13     | Killed a two-headed ogre
 19332 | D:13     | Killed a two-headed ogre
 19337 | D:13     | Killed an ogre mage
 19338 | D:13     | Reached XP level 13. HP: 89/125 MP: 12/12
 19881 | D:14     | Reached skill level 15 in Fighting
 19952 | D:14     | Reached skill level 10 in Dodging
 20189 | D:14     | Noticed a fire dragon
 20216 | D:14     | Noticed Frances
 20219 | D:14     | HP: 4/126 [six-headed hydra (11)]
 20219 | D:14     | Slain by a six-headed hydra

Illustrated notes

Levels and vault maps discovered:
D:1:      dpeg_arrival_prison, layout_basic, hangedman_decor_opposing,
          kennysheep_pointless_box
D:2:      layout_loops_ring, serial_shops, nicolae_lakefront_shop, uniq_terence
D:3:      layout_loops_cross, chequers_ecumenical_altar_simple_redux,
          grunt_ministairs_12, chequers_serial_rivers_large_a, kennysheep_potato
D:4:      layout_rooms, regret_index_temple_of_mockery, dk_rats_in_the_wall
D:5:      layout_loops_ring
D:6:      layout_basic, nicolae_wu_jian_immortal_techniques,
          minmay_misc_feat_alley
D:7:      layout_loops_ring, cheibrodos_worm_habitat, lemuel_temple_firewalk_b,
          minmay_manual_mares
D:8:      cheibrodos_two_vegetables, layout_basic
D:9:      layout_irregular_city, david_orc_2
D:10:     layout_loops_ring, mainiacjoe_overflow_big_doors
D:11:     regret_index_bee_streams, layout_basic, dpeg_oklobed_lair,
          elyvilon_altar_3
D:12:     layout_cave_pods, chequers_garden
D:13:     kennysheep_big_flooded_room, layout_gridville, david_vaults_2
D:14:     layout_cave_pools, infiniplex_staircase_9_rooms,
          hangedman_decor_slide_cut, nicolae_sif_muna_condensation, uniq_frances
Temple:   nicolae_temple_elliptical

Skill      XL: |  1  2  3  4  5  6  7  8  9 10 11 12 13 |
---------------+----------------------------------------+-----
Fighting       | 4 5 6 7 9 10 11 13 14 15 | 15.1
Dodging        | 1 2 3 5 6 7 8 9 10 | 10.0
Armour         | 4 5 6 7 8 9 10 11 | 11.3
Maces & Flails | 3 4 5 6 7 8 9 11 | 11.9
Throwing       | 1 2 3 4 5 6 7 8 |  8.0
Unarmed Combat | 2 4 6 7 |  7.1
Shields        | |  3.6

Action                   |  1- 3 |  4- 6 |  7- 9 | 10-12 | 13-15 || total
-------------------------+-------+-------+-------+-------+-------++-------
Melee: Flail             |    73 |   184 |   261 |   561 |       ||  1079
       Headbutt          |    11 |    30 |    54 |   170 |    38 ||   303
       Punch             |       |       |       |    22 |       ||    22
       Great mace        |       |       |       |    50 |    85 ||   135
       Dire flail        |       |       |       |       |     4 ||     4
Throw: Dart              |       |    24 |    59 |   125 |    11 ||   219
       Throwing net      |       |       |       |     1 |       ||     1
Evoke: Wand              |       |       |     5 |    10 |       ||    15
  Use: Scroll            |     2 |     3 |     7 |    14 |     1 ||    27
       Potion            |       |     1 |     6 |     8 |     2 ||    17
Armor: Scale mail        |    35 |    82 |    62 |       |       ||   179
       Plate armour      |       |       |   113 |   561 |   109 ||   783
Dodge: Dodged            |    17 |    64 |   104 |   493 |    74 ||   752
Block: Kite shield       |    44 |    91 |   111 |       |       ||   246
